cohdb
Replays
Latest Replays
All Replays
Popular Replays
Top Player Replays
Match Explorer
How It Works
Community
CoH3 Stats
Reddit
Sign in to upload your games and track your stats! →
Sign in with Steam
Match 41023837
Unlisted
Match 41023837
Overview
Messages
Build Orders
End
Panzergrenadier Squad
Selects Panzerjäger Kommand Battlegroup
Panzergrenadier Squad
Kradschützen Motorcycle Team
Construct Light Support Kompanie
Fire Support Elements
MG34 Team
Selects Blockade Equipment
Flakvierling Half-track
Selects Tank Busters
Kradschützen Motorcycle Team
2.5-tonne Medical Truck
Construct Mechanized Kompanie
Selects Defensive Positions
Panzerjäger Squad
Construct Panzerarmee Kommand
Panzerjäger Squad
Panzergrenadier Squad
Selects Butterfly Bomb Drop
Panzerpioneer Squad
Selects Crew Shock Tactics
Armored Reserves
Panzer IV Assault Group
Tungsten Core Ammunition
Panzer III L Medium Tank
Butterfly Bomb Drop
Walking Stuka Rocket Launcher
254 Reconnaissance Tractor
2.5-tonne Medical Truck
Crew Shock Tactics
Butterfly Bomb Drop
Veteran Squad Leaders
Crew Shock Tactics
Selects Elefant Tank Destroyer
FrDiZz
King Tiger Commander
Dromaeda
Your Worst Nightmare
0
0
Comments
sign in to comment!
No comments posted yet!